Map: Frozen Temple

Players

LiquidTLO (TLO) - Winner!

  • Race: Zerg Zerg
  • League: Grandmaster

Indy

  • Race: Protoss Protoss
  • League: Grandmaster

VOD

Have the link to the VOD?

Description

Time

  • Played on: July 3, 2016, 3:38 p.m.
  • Length: 8:43
Show
View Real Time Build Order
Export as new Build Order

LiquidTLO Zerg - Winner!

Build Orders: Pool First 

Get SALT Encoding   

  12  0:01  Drone  
  13  0:13  Overlord  
  13  0:18  Drone  
  14  0:31  Drone  
  14  0:32  Drone  
  16  0:37  Drone  
  16  0:41  Extractor  
  16  0:47  Spawning Pool  
  15  0:51  Drone  
  16  0:57  Drone  
  17  1:19  Hatchery  
  17  1:24  Drone  
  17  1:32  Drone  
  18  1:38  Queen  
  20  1:46  Metabolic Boost  
  20  1:50  Zergling x2  
  21  1:57  Overlord  
  21  2:04  Zergling x2  
  22  2:10  Evolution Chamber  
  22  2:11  Zergling x2  
  22  2:18  Queen  
  24  2:24  Zergling x2  
  24  2:29  Zergling x2  
  26  2:34  Zergling x4  
  28  2:43  Zergling x2  
  29  2:47  Drone  
  29  2:50  Overlord  
  30  2:52  Drone  
  30  2:55  Drone  
  30  2:58  Drone  
  33  3:04  Drone x2  
  35  3:13  Drone  
  35  3:14  Drone  
  35  3:19  Drone  
  35  3:21  Drone  
  35  3:22  Drone  
  35  3:23  Drone  
  35  3:26  Drone  
  37  3:29  Drone  
  37  3:32  Zergling x2  
  37  3:39  Zergling x6  
  40  3:46  Baneling Nest  
  40  3:48  Zergling x2  
  39  3:53  Queen  
  39  3:55  Spore Crawler  
  40  3:58  Drone  
  40  3:59  Drone  
  40  4:00  Drone  
  43  4:03  Drone  
  43  4:06  Pneumatized Carapace  
  44  4:14  Zerg Melee Weapons Level 1  
  44  4:17  Overlord  
  44  4:22  Overlord  
  44  4:29  Overlord  
  44  4:34  Overlord, Baneling  
  44  4:35  Baneling  
  44  4:40  Drone  
  44  4:41  Zergling x2  
  44  4:42  Zergling x2  
  44  4:43  Baneling  
  47  4:47  Zergling x2  
  47  4:49  Hatchery  
  47  4:51  Zergling x4  
  49  4:54  Zergling x2  
  49  4:56  Zergling x2  
  49  4:57  Zergling x2  
  52  5:01  Drone  
  53  5:09  Extractor  
  53  5:10  Roach Warren, Drone  
  53  5:11  Extractor, Drone  
  52  5:15  Drone x2  
  52  5:17  Drone  
  52  5:21  Drone x2  
  56  5:23  Drone  
  55  5:28  Drone  
  55  5:31  Drone  
  55  5:32  Drone  
  55  5:38  Drone x2  
  55  5:39  Lair  
  55  5:42  Drone  
  56  5:48  Drone  
  56  5:49  Drone x4  
  60  5:53  Baneling x3  
  60  6:00  Overlord  
  60  6:05  Drone  
  60  6:06  Roach, Drone  
  60  6:09  Extractor  
  60  6:11  Roach x2  
  67  6:17  Roach x2  
  71  6:19  Drone  
  71  6:20  Roach x2  
  71  6:21  Roach  
  78  6:26  Roach x2  
  82  6:33  Overlord x2  
  82  6:34  Overlord  
  82  6:36  Overlord  
  82  6:45  Overlord  
  82  6:49  Overlord  
  82  6:52  Glial Reconstitution  
  81  6:55  Roach  
  81  7:00  Roach  
  83  7:01  Roach  
  83  7:02  Zergling x2, Roach  
  83  7:03  Overlord  
  83  7:04  Zergling x2  
  83  7:07  Zergling x6  
  89  7:09  Zergling x2  
  89  7:10  Zergling x2  
  89  7:11  Roach  
  89  7:13  Zergling x4  
  89  7:14  Ravager  
  96  7:17  Zergling x2  
  96  7:20  Zergling x2  
  96  7:21  Zergling x2  
  96  7:22  Zergling x4  
  95  7:23  Zergling x6  
  95  7:26  Roach  
  95  7:27  Ravager  
  95  7:29  Roach  
  103  7:32  Roach  
  103  7:34  Roach  
  103  7:35  Roach  
  99  7:41  Roach x2  
  99  7:42  Roach  
  99  7:43  Roach  
  100  7:46  Roach  
  100  7:50  Baneling  
  100  7:51  Baneling, Ravager  
  103  7:52  Zergling x4  
  105  8:00  Overlord x2  
  104  8:18  Roach x2  
  104  8:19  Roach x2  
  109  8:20  Roach  
  109  8:21  Roach  
Show
View Real Time Build Order
Export as new Build Order

Indy Protoss 

Build Orders: 1 Gate Expand 

Get SALT Encoding   

  12  0:00  Probe (Chrono Boost)  
  13  0:11  Probe (Chrono Boost)  
  14  0:17  Pylon  
  14  0:22  Probe (Chrono Boost)  
  15  0:35  Probe (Chrono Boost)  
  16  0:42  Gateway  
  16  0:46  Probe (Chrono Boost)  
  17  0:52  Assimilator  
  17  0:56  Probe (Chrono Boost)  
  18  0:59  Pylon  
  18  1:07  Probe (Chrono Boost)  
  19  1:24  Nexus  
  19  1:29  Probe (Chrono Boost)  
  20  1:37  Cybernetics Core  
  20  1:41  Probe (Chrono Boost)  
  21  1:49  Pylon  
  21  1:51  Probe (Chrono Boost)  
  22  1:58  Assimilator  
  22  2:02  Probe (Chrono Boost)  
  23  2:14  Adept (Chrono Boost)  
  23  2:15  Probe  
  26  2:27  Mothership Core  
  28  2:34  Probe  
  29  2:38  Adept (Chrono Boost)  
  31  2:45  Probe  
  31  2:48  Pylon, Probe  
  33  2:52  Warp Gate  
  33  2:55  Probe  
  34  3:00  Probe  
  34  3:03  Adept (Chrono Boost)  
  37  3:06  Probe  
  37  3:12  Probe  
  39  3:16  Pylon  
  39  3:17  Probe  
  38  3:23  Gateway  
  38  3:24  Probe  
  37  3:27  Probe  
  36  3:36  Probe  
  36  3:37  Adept (Chrono Boost)  
  36  3:41  Probe  
  38  3:49  Probe  
  38  3:51  Probe  
  40  3:56  Forge  
  40  4:01  Probe  
  40  4:02  Probe  
  41  4:05  Stalker (Chrono Boost)  
  41  4:08  Gateway  
  44  4:10  Gateway  
  44  4:13  Probe (Chrono Boost)  
  44  4:14  Probe (Chrono Boost)  
  46  4:24  Probe x2 (Chrono Boost)  
  47  4:29  Protoss Ground Weapons Level 1  
  47  4:30  Gateway  
  48  4:34  Probe (Chrono Boost)  
  48  4:35  Probe (Chrono Boost)  
  50  4:45  Pylon, Probe (Chrono Boost)  
  51  4:47  Probe (Chrono Boost)  
  51  4:52  Pylon  
  52  4:54  Twilight Council  
  52  4:55  Probe (Chrono Boost)  
  53  5:00  Nexus  
  53  5:01  Sentry, Pylon  
  53  5:02  Probe (Chrono Boost)  
  53  5:06  Probe (Chrono Boost)  
  57  5:10  Sentry  
  57  5:11  Sentry  
  57  5:12  Probe (Chrono Boost)  
  57  5:13  Assimilator  
  62  5:15  Assimilator  
  62  5:16  Probe (Chrono Boost)  
  63  5:23  Probe (Chrono Boost)  
  63  5:26  Probe (Chrono Boost)  
  57  5:28  Resonating Glaives (Chrono Boost)  
  57  5:34  Probe  
  50  5:36  Probe  
  51  5:45  Adept x3  
  51  5:46  Probe x2  
  59  5:57  Probe  
  59  5:58  Probe  
  61  6:07  Probe  
  61  6:08  Pylon  
  61  6:10  Probe x2  
  63  6:17  Robotics Facility, Adept  
  63  6:18  Probe  
  66  6:22  Stalker x2, Probe  
  66  6:23  Protoss Ground Weapons Level 2 (Chrono Boost)  
  66  6:24  Probe  
  72  6:29  Probe  
  74  6:34  Probe  
  74  6:35  Probe  
  76  6:41  Probe  
  76  6:45  Probe  
  76  6:46  Probe  
  78  6:47  Sentry x2  
  78  6:49  Pylon  
  78  6:53  Probe  
  84  6:56  Probe  
  84  6:58  Probe  
  75  7:02  Adept  
  75  7:04  Warp Prism (Chrono Boost)  
  75  7:05  Probe  
  80  7:22  Stalker x3  
  86  7:28  Probe  
  86  7:29  Probe x2  
  83  7:46  Gateway, Stalker x3  
  83  7:48  Gateway  
  83  7:50  Gateway  
  89  7:57  Gateway  
  89  7:58  Gateway  
  89  8:10  Adept, Stalker  
  89  8:11  Stalker  
  93  8:21  Probe  
  93  8:22  Probe  
  93  8:23  Probe  
  93  8:25  Pylon  
  93  8:26  Pylon  
Tags
 
Add a new tag
Caveats
  • Supply blocks, unpowered buildings, or Contaminate may cause inaccurate times.
  • Supply counts are checked every 10 seconds.